 Dungeon Crawl Stone Soup version 0.26-a0-658-gbdda728c12 (webtiles) character file.

Game seed: 15779659006076881026

533 looop the Poker (level 7, -6/50 HPs)
             Began as a Demonspawn Fighter on Oct 4, 2020.
             Was a Follower of Hepliaklqana.
             Mangled by a killer bee (7 damage)
             ... on level 3 of the Dungeon.
             The game lasted 00:06:22 (3204 turns).

looop the Poker (Demonspawn Fighter)                Turns: 3204, Time: 00:06:22

Health: -6/50      AC:  6    Str: 18    XL:     7   Next: 4%
Magic:  7/7        EV:  7    Int: 16    God:    Hepliaklqana [*.....]
Gold:   404        SH:  8    Dex: 12    Spells: 6/6 levels left

rFire    . . .     SeeInvis .   a - +0 trident
rCold    . . .     Faith    .   c - +0 kite shield
rNeg     . . .     Spirit   .   b - +0 scale mail
rPois    .         Reflect  .   (helmet restricted)
rElec    .         Harm     .   (no cloak)
rCorr    .         Rampage  .   (no gloves)
MR       .....                  (no boots)
Stlth    ..........             (no amulet)
HPRegen  0.16/turn              e - +6 ring of intelligence
MPRegen  0.10/turn              (no ring)

@: stab, flying
A: reduced essence, antennae 1, demonic guardian 1, powered by pain 2, sturdy
frame 1
a: Recall Ancestor, Ancestor Identity, Renounce Religion


You were on level 3 of the Dungeon.
You worshipped Hepliaklqana.
Hepliaklqana was aware of your devotion.
You visited 2 branches of the dungeon, and saw 5 of its levels.
You also visited: Ossuary.

You collected 404 gold pieces.

Inventory:

Hand Weapons
 a - a +0 trident (weapon)
Armour
 b - a +0 scale mail (worn)
 c - a +0 kite shield (worn)
 g - a +1 helmet
Jewellery
 e - a +6 ring of intelligence (left hand)
Scrolls
 d - 2 scrolls of immolation {unknown}
 h - 2 scrolls of identify {unknown}
 i - 4 scrolls of noise {unknown}
 j - a scroll of enchant weapon {unknown}
 n - 3 scrolls of random uselessness {unknown}
Potions
 f - 2 potions of curing
 k - 2 potions of heal wounds
 l - 2 potions of flight
 m - a potion of lignification {unknown}
 p - a potion of stabbing
 q - a potion of invisibility {unknown}
 s - a potion of resistance {unknown}


   Skills:
 + Level 5.2 Fighting
 * Level 5.8 Polearms
 - Level 2.6 Armour
 - Level 2.6 Shields


You had 6 spell levels left.
You didn't know any spells.
Your spell library was empty.

Dungeon Overview and Level Annotations

Branches:
Dungeon (4/15)             Temple (1/1) D:4         Ossuary (visited)

Altars:
Cheibriados
Dithmenos
Elyvilon
Fedhas
Gozag
Hepliaklqana
Kikubaaqudgha
Makhleb
Qazlal
Sif Muna
Trog
Uskayaw
Wu Jian
Yredelemnul
Zin
The Shining One


Innate Abilities, Weirdness & Mutations

You have a pair of small antennae on your head.
A weak demonic guardian rushes to your aid.
You sometimes gain power by taking damage.
Your movements are slightly less encumbered by armour. (ER -2)
Your life essence is reduced to manifest your ancestor. (-10% HP)


Message History

You miss the killer bee.
The killer bee is heavily wounded.
You block the killer bee's attack. The killer bee stings you.
* * * LOW HITPOINT WARNING * * *
You hit the killer bee.
The killer bee is severely wounded.
You block the killer bee's attack. The killer bee barely misses you.
You barely miss the killer bee.
The killer bee is severely wounded.
The killer bee barely misses you. The killer bee stings you.
* * * LOW HITPOINT WARNING * * *
You closely miss the killer bee.
The killer bee is severely wounded.
You block the killer bee's attack. x2
You hit the killer bee.
The killer bee is severely wounded.
You block the killer bee's attack.
The killer bee stings you but does no damage.
The killer bee stings you!
You die...

##...## #.# #.##.##.
##.....#####.##### #.##.##.
##.......#........# #....... #
#..........##.....########.#..
..+.........................#...
#.......R...##.....########.#..
##.#.......#.##.#.#.# ###§§.#§
..........##y##5###.# ##.≈.≈.≈§
####...###.##@# #.# #.§...≈.§
#.'## #.##y###.####≈§≈.≈.≈§ #..#
#..yy.......§§..§.§§≈ #..#
####.#######.≈§§.§§§. .._y.....#
#.# #..§§..§§. ......#.... ..#
#.≈.≈§≈§§. ......#....# ###
#....≈...≈ ..... #...##
#.≈.≈.≈.≈. ##.## #..##
#..§...≈..


You could see 3 killer bees and a friendly shadow imp (summoned).

Vanquished Creatures
  Sigmund (D:3)
  A killer bee (D:3)
  A hound (D:4)
  A bullfrog skeleton (D:4)
  6 mummies
  2 gnolls (D:4)
  4 adders
  3 worms
  2 dart slugs
  2 leopard geckos (D:1)
  An orc (D:4)
  7 bats
  3 giant cockroaches
  13 goblins
  9 hobgoblins
  3 jackals (D:1)
  5 kobolds
  3 quokkas (D:2)
  2 ball pythons (D:2)
  3 frilled lizards
  A kobold zombie (Ossuary)
  An orc zombie (Ossuary)
  3 rats
77 creatures vanquished.

Vanquished Creatures (collateral kills)
  Natasha (twice) (D:4)
  A worker ant (D:4)
  3 mummies (Ossuary)
  Robin (D:3)
  A gnoll (D:4)
  An adder (D:3)
  2 giant cockroaches (D:3)
  A goblin (D:3)
  2 gnoll zombies (Ossuary)
  A hobgoblin zombie (Ossuary)
  2 kobold zombies (Ossuary)
  An orc zombie (Ossuary)
18 creatures vanquished.

Vanquished Creatures (others)
  5 ancestors
5 creatures vanquished.

Grand Total: 100 creatures vanquished

Notes
Turn   | Place    | Note
-------+----------+-------------------------------------------
     0 | D:1      | looop the Demonspawn Fighter began the quest for the Orb.
     0 | D:1      | Reached XP level 1. HP: 18/18 MP: 1/1
   428 | D:1      | Gained mutation: You sometimes gain a little power by
                  | taking damage. [demonic ancestry]
   428 | D:1      | Reached XP level 2. HP: 24/24 MP: 2/2
   649 | D:1      | Gained mutation: You have a pair of small antennae on your
                  | head. [demonic ancestry]
   649 | D:1      | Reached XP level 3. HP: 21/29 MP: 3/3
   926 | D:2      | Gained mutation: Your movements are slightly less
                  | encumbered by armour. (ER -2) [demonic ancestry]
   926 | D:2      | Reached XP level 4. HP: 23/37 MP: 4/4
  1302 | D:2      | You fall into a shaft and drop 2 floors!
  1302 | D:4      | Found a staircase to the Ecumenical Temple.
  1330 | D:4      | Gained mutation: A weak demonic guardian rushes to your
                  | aid. [demonic ancestry]
  1330 | D:4      | Reached XP level 5. HP: 28/42 MP: 5/5
  1432 | Temple   | Entered the Ecumenical Temple
  1559 | Temple   | Became a worshipper of Hepliaklqana the Forgotten
  1650 | D:4      | Noticed Natasha
  1662 | D:4      | Killed Natasha
  1675 | D:4      | Found a sand-covered staircase.
  1699 | Ossuary  | Entered an ossuary
  1989 | Ossuary  | Gained mutation: You sometimes gain power by taking damage.
                  | [demonic ancestry]
  1989 | Ossuary  | Reached XP level 6. HP: 44/44 MP: 6/6
  2235 | D:4      | Noticed Natasha
  2245 | D:4      | Killed Natasha
  2245 | D:4      | Reached skill level 5 in Polearms
  2370 | D:3      | Noticed Robin
  2381 | D:3      | Killed Robin
  2530 | D:3      | Noticed Sigmund
  2552 | D:3      | Killed Sigmund
  2552 | D:3      | Reached skill level 5 in Fighting
  2775 | D:3      | Reached * piety under Hepliaklqana
  3038 | D:3      | Found an ornate altar of the Wu Jian Council.
  3180 | D:3      | Reached XP level 7. HP: 50/50 MP: 7/7
  3202 | D:3      | HP: 1/50 [killer bee (4)]
  3204 | D:3      | Mangled by a killer bee

Illustrated notes

Levels and vault maps discovered:
D:1:      lightli_arrival_quake, layout_basic, patterned_corridor
D:2:      layout_basic
D:3:      layout_loops_corners, old_standard_altar, kennysheep_crisscross,
          uniq_robin, uniq_sigmund
D:4:      layout_gridville, minmay_temple_entry_drinking_statues,
          gup_ossuary_entry_pyramid, uniq_natasha
Temple:   minmay_crystal_snake_temple

Skill      XL: |  1  2  3  4  5  6 |
---------------+-------------------+-----
Polearms       | 2 3 4 5 |  5.8
Fighting       | 4 5 |  5.2
Armour         | |  2.6
Shields        | |  2.6

Action                   |  1- 3 |  4- 6 |  7- 9 || total
-------------------------+-------+-------+-------++-------
Melee: Trident           |   123 |   204 |    14 ||   341
  Use: Potion            |     1 |       |     4 ||     5
       Scroll            |       |     2 |       ||     2
 Stab: Distracted        |       |     1 |       ||     1
Armor: Scale mail        |    76 |    55 |     4 ||   135
Dodge: Dodged            |    30 |    48 |     7 ||    85
Block: Kite shield       |    59 |    76 |    13 ||   148

Table legend: (Time is in decaauts)
 A = Elapsed time spent in this place.
 B = Non-inter-level travel time spent in this place.
 C = Inter-level travel time spent in this place.
 D = Time resting spent in this place.
 E = Time spent auto-exploring this place.
 F = Levels seen in this place.
 G = Mean time per level.
                   A        B        C        D        E       F      G
               +--------+--------+--------+--------+--------+-----+--------+
         Total |   3274 |   3158 |    116 |    193 |   2137 |   6 |  545.7 |
       Dungeon |   2697 |   2653 |     44 |    181 |   1778 |   4 |  674.2 |
        Temple |    169 |     97 |     72 |      0 |     89 |   1 |  169.0 |
       Ossuary |    407 |    407 |      0 |     12 |    270 |   1 |  407.0 |
               +--------+--------+--------+--------+--------+-----+--------+

Top non-repeatable levels by time:
     D:3: 893 daAuts
     D:1: 821 daAuts
     D:2: 524 daAuts
     D:4: 458 daAuts
 Ossuary: 407 daAuts
  Temple: 169 daAuts
